AoeStats
← Malcolm Little

African Clearing

506297344Analyzed
3v3 RM · 20d ago on Sep 13, 2026· 57m 4s· 6 players
Game mode
Random Map
Map size
Normal (6 player)
Population
200
Speed
Normal
Resources
Standard
Victory
Conquest
Starting age
Dark Age
Ending age
Imperial Age
RankedLock teamsTeams togetherTeam positionsShared explorationLock speedFull tech treeHidden civsTurbo modeCheats
Victory
Defeat
🇨🇱 Ethiopians · Chile
1413
+16
🇩🇴 Huns · Dominican Republic
1352
+18
1265
+21
🇺🇸 Bulgarians · United States
1437
-20
🇺🇸 Tupi · United States
1396
-18
🇵🇪 Muisca · Peru
1365
-17
Polestar
3:34 Loom
14:47 Feudal Age
18:58 Castle Age
20:32 Fletching
21:33 Bodkin Arrow
22:22 Padded Archer Armor
24:19 Double-Bit Axe
31:03 Horse Collar
34:02 Bow Saw
34:14 Heavy Plow
40:54 Leather Archer Armor
44:07 Wheelbarrow
47:21 Imperial Age
47:26 Elite Blackwood Archer
48:16 Curare
48:12 Bracer
48:18 Capped Ram
49:23 Ballistics
50:04 Chemistry
50:59 Ring Archer Armor
52:31 Two-Man Saw
51:22 Gold Mining
51:23 Stone Mining
52:32 Conscription
Snorkiss89
11:20 Loom
14:04 Feudal Age
18:04 Castle Age
16:19 Double-Bit Axe
18:47 Scale Barding Armor
18:49 Horse Collar
19:58 Fletching
23:25 Chain Barding Armor
29:21 Forging
31:11 Bow Saw
35:47 Wheelbarrow
34:58 Town Watch
35:31 Heavy Plow
36:01 Bodkin Arrow
37:39 Hand Cart
39:04 Ballistics
41:43 Gold Mining
41:43 Stone Mining
46:12 Imperial Age
44:36 Gold Shaft Mining
44:42 Stone Shaft Mining
45:29 Iron Casting
45:32 Masonry
45:48 Bloodlines
45:39 Husbandry
47:46 Plate Barding Armor
48:56 Blast Furnace
48:18 Scale Mail Armor
49:44 Chemistry
48:27 Elite Konnik
51:11 Chain Mail Armor
52:13 Architecture
53:13 Plate Mail Armor
53:33 Bracer
54:39 Murder Holes
55:15 Padded Archer Armor
55:25 Siege Engineers
HoraceTBear
11:39 Feudal Age
11:36 Loom
15:50 Castle Age
16:02 Fletching
20:11 Bodkin Arrow
30:05 Ballistics
32:44 Atonement
32:59 Redemption
38:23 Imperial Age
36:44 Padded Archer Armor
38:53 Leather Archer Armor
38:46 Elite Guecha Warrior
40:42 Double-Bit Axe
41:05 Bracer
43:16 Wheelbarrow
44:11 Murder Holes
51:11 Chemistry
51:11 Bow Saw
50:55 Gold Mining
53:24 Horse Collar
yinyangwar
9:17 Loom
11:14 Feudal Age
11:35 Loom
12:19 Double-Bit Axe
15:14 Fletching
23:10 Castle Age
23:14 Crossbowman
23:50 Bodkin Arrow
34:29 Town Watch
35:07 Horse Collar
38:34 Wheelbarrow
43:11 Imperial Age
40:47 Scale Mail Armor
41:46 Bow Saw
42:46 Forging
43:56 Chain Mail Armor
44:35 Iron Casting
44:03 Squires
45:29 Chemistry
46:08 Hand Cart
47:58 Plate Mail Armor
55:19 Two-Man Saw
54:28 Heavy Plow
54:52 Bracer
54:53 Padded Archer Armor
55:27 Ballistics
54:54 Elite Skirmisher
56:04 Thumb Ring
57:50 Leather Archer Armor
58:36 Blast Furnace
Malcolm Little
6:06 Loom
13:59 Feudal Age
17:52 Castle Age
16:16 Double-Bit Axe
16:39 Scale Barding Armor
17:46 Forging
23:00 Bow Saw
22:32 Horse Collar
24:21 Chain Barding Armor
28:00 Bloodlines
28:05 Husbandry
28:57 Iron Casting
29:10 Wheelbarrow
30:55 Gold Mining
32:34 Hand Cart
33:25 Town Watch
42:15 Gold Shaft Mining
42:57 Marauders
44:26 Heavy Plow
47:52 Imperial Age
47:58 Cavalier
49:15 Plate Barding Armor
49:24 Paladin
52:35 Blast Furnace
52:36 Conscription
54:08 Marauders
[zWq]Ferdinand Von Lindemann
10:21 Loom
14:56 Feudal Age
15:45 Double-Bit Axe
15:41 Horse Collar
16:41 Wheelbarrow
18:32 Fletching
27:40 Castle Age
31:15 Hand Cart
31:39 Bow Saw
33:02 Heavy Plow
32:58 Town Watch
40:02 Bodkin Arrow
41:12 Gold Mining
44:43 Imperial Age
42:39 Padded Archer Armor
43:01 Ballistics
42:44 Stone Mining
42:45 Crossbowman
44:38 Thumb Ring
45:41 Bracer
46:47 Chemistry
46:18 Arbalester
47:16 Leather Archer Armor
49:15 Ring Archer Armor
49:27 Siege Engineers
52:06 Guard Tower
53:18 Bloodlines
52:29 Light Cavalry
53:10 Husbandry
53:17 Scale Barding Armor
55:03 Crop Rotation
55:34 Two-Man Saw
57:40 Forging
Connection lost

Rejoining the realm…

Still unreachable

The connection could not be restored.

Session expired

The server has moved on; the page needs a fresh start.